Map: Glittering Ashes LE

Players

Pumba - Winner!

  • Race: Protoss Protoss
  • League: Diamond
  • Spawn Location: 1:00

XFilez

  • Race: Terran Terran
  • League: Diamond
  • Spawn Location: 7:00

VOD

Have the link to the VOD?

Description

Time

  • Played on: Feb. 15, 2022, 7:15 p.m.
  • Length: 14:32
Show
View Real Time Build Order
Export as new Build Order

Pumba Protoss - Winner!

Build Orders: 1 Gate Expand 

Get SALT Encoding   

  12  0:00  Probe  
  13  0:18  Pylon  
  13  0:19  Probe  
  14  0:31  Probe (Chrono Boost)  
  15  0:38  Gateway  
  15  0:43  Probe (Chrono Boost)  
  15  0:45  Assimilator  
  16  0:51  Probe (Chrono Boost)  
  17  0:57  Probe  
  18  1:10  Probe  
  19  1:22  Probe  
  20  1:29  Nexus  
  20  1:43  Cybernetics Core  
  20  1:44  Probe  
  20  1:47  Assimilator  
  21  2:00  Probe, Pylon  
  22  2:12  Probe  
  22  2:23  Adept (Chrono Boost)  
  22  2:24  Probe  
  22  2:27  Warp Gate  
  26  2:37  Robotics Facility  
  26  2:39  Probe (Chrono Boost)  
  26  2:43  Probe (Chrono Boost), Stalker (Chrono Boost)  
  30  2:52  Probe (Chrono Boost)  
  30  2:53  Probe (Chrono Boost)  
  29  3:00  Probe  
  29  3:03  Probe  
  31  3:13  Probe  
  31  3:16  Probe  
  33  3:24  Gateway  
  33  3:27  Gateway  
  33  3:29  Probe  
  33  3:32  Robotics Bay  
  34  3:36  Observer, Pylon  
  34  3:39  Probe  
  37  3:41  Probe  
  37  3:51  Probe (Chrono Boost)  
  39  3:56  Assimilator  
  39  3:57  Probe (Chrono Boost)  
  39  3:58  Assimilator  
  40  4:03  Probe (Chrono Boost)  
  40  4:04  Warp Prism  
  40  4:08  Probe x2 (Chrono Boost)  
  44  4:17  Probe x2, Pylon  
  46  4:27  Stalker x3  
  46  4:29  Probe  
  53  4:33  Pylon  
  53  4:37  Shield Battery  
  53  4:41  Pylon  
  52  4:48  Probe  
  53  4:59  Adept  
  53  5:00  Adept, Stalker  
  53  5:06  Probe x2  
  55  5:07  Disruptor (Chrono Boost)  
  55  5:11  Gravitic Drive  
  58  5:18  Probe  
  58  5:19  Probe  
  60  5:33  Probe  
  60  5:34  Probe  
  62  5:36  Nexus  
  62  5:38  Pylon  
  62  5:40  Disruptor (Chrono Boost)  
  65  5:58  Stalker x3  
  65  6:00  Probe x2  
  65  6:03  Shield Battery  
  73  6:13  Pylon  
  73  6:16  Gateway  
  73  6:44  Twilight Council  
  73  6:45  Forge  
  73  6:50  Gateway  
  73  6:53  Gateway  
  73  6:56  Gateway  
  73  6:58  Disruptor (Chrono Boost)  
  76  7:04  Robotics Facility, Probe (Chrono Boost)  
  76  7:05  Assimilator  
  79  7:08  Probe (Chrono Boost)  
  79  7:09  Probe (Chrono Boost), Assimilator  
  79  7:14  Probe (Chrono Boost)  
  79  7:15  Zealot x2, Stalker x2  
  86  7:17  Probe x2 (Chrono Boost)  
  90  7:23  Pylon  
  90  7:24  Pylon  
  90  7:26  Pylon  
  90  7:28  Disruptor (Chrono Boost)  
  89  7:41  Protoss Ground Weapons Level 1  
  82  7:45  Probe x3, Blink (Chrono Boost)  
  85  7:57  Observer (Chrono Boost), Probe  
  87  7:59  Observer (Chrono Boost)  
  84  8:20  Disruptor x2  
  84  8:26  Probe x2 (Chrono Boost)  
  93  8:27  Probe (Chrono Boost)  
  93  8:37  Probe x3 (Chrono Boost)  
  96  8:47  Nexus  
  96  8:48  Pylon  
  96  8:51  Pylon  
  96  8:53  Sentry  
  96  8:54  Stalker x4  
  96  8:55  Disruptor, Stalker x2  
  110  8:56  Disruptor  
  116  9:19  Pylon  
  116  9:22  Pylon  
  116  9:25  Photon Cannon  
  116  9:26  Pylon  
  116  9:27  Shield Battery  
  116  9:30  Photon Cannon  
  116  9:31  Disruptor  
  116  9:32  Charge, Observer, Pylon  
  116  9:34  Photon Cannon  
  116  9:35  Pylon  
  119  9:42  Pylon  
  119  9:45  Pylon  
  119  9:59  Stalker x7  
  133  10:04  Protoss Ground Armor Level 1 (Chrono Boost)  
  133  10:05  Observer  
  133  10:15  Gateway  
  133  10:19  Probe  
  134  10:24  Gateway  
  134  10:26  Gateway x2  
  110  10:59  Zealot x2  
  110  11:00  Zealot x5  
  124  11:12  Zealot  
  109  12:04  Stalker x3  
  109  12:05  Stalker x6  
  109  12:28  Zealot x11  
  109  12:59  Stalker x11  
  109  13:53  Stalker x11  
Show
View Real Time Build Order
Export as new Build Order

XFilez Terran 

Build Orders:  

Get SALT Encoding   

  12  0:01  SCV  
  13  0:13  SCV  
  14  0:20  Supply Depot  
  14  0:25  SCV  
  15  0:42  SCV  
  16  0:43  Barracks  
  16  0:47  Refinery  
  16  0:54  SCV  
  17  1:06  SCV  
  18  1:18  SCV  
  19  1:23  Supply Depot  
  19  1:30  SCV  
  20  1:38  Reaper  
  21  1:55  Orbital Command  
  21  2:11  Command Center  
  21  2:23  Barracks  
  21  2:26  Barracks  
  21  2:32  Barracks Tech Lab  
  21  2:34  SCV  
  22  2:57  Marauder  
  23  2:59  Concussive Shells  
  23  3:01  SCV  
  24  3:10  Barracks Tech Lab  
  24  3:13  Barracks Reactor, SCV  
  24  3:17  Command Center  
  25  3:21  Marauder  
  25  3:25  SCV  
  28  3:27  Orbital Command  
  30  3:34  Marauder  
  30  3:44  Supply Depot  
  30  3:52  Marauder, Marine x2  
  30  3:54  Orbital Command  
  34  3:58  Marauder  
  36  4:08  SCV  
  37  4:11  Engineering Bay, Marine  
  37  4:13  Marauder, Marine  
  41  4:21  SCV x2  
  43  4:26  Marauder  
  45  4:33  SCV, Marine x2  
  45  4:35  Marauder  
  43  5:05  Marine  
  43  5:06  Marauder, Marine x2  
  43  5:22  Missile Turret  
  43  5:23  Missile Turret, Marine x2  
  43  5:25  SCV  
  43  5:26  Missile Turret  
  43  5:27  Orbital Command  
  46  5:28  SCV  
  46  5:29  Missile Turret  
  46  5:31  Missile Turret  
  46  5:34  Marauder x2  
  51  5:37  SCV  
  51  5:38  Terran Infantry Weapons Level 1  
  51  5:41  Marine x2  
  51  5:42  Combat Shield  
  54  5:45  SCV  
  55  5:51  Barracks  
  55  5:55  Marauder  
  57  5:57  SCV  
  57  5:59  Marine  
  57  6:01  Marauder  
  57  6:02  Marine  
  62  6:06  SCV  
  62  6:07  SCV  
  62  6:09  SCV  
  65  6:16  Refinery  
  65  6:19  SCV x2  
  65  6:21  SCV  
  65  6:24  Marine  
  69  6:27  Marine  
  69  6:28  Marauder x2  
  69  6:31  SCV  
  69  6:35  Missile Turret  
  69  6:46  Missile Turret  
  69  7:03  Supply Depot  
  69  7:04  Barracks Reactor  
  69  7:05  Supply Depot  
  69  7:18  Refinery x2  
  69  7:21  Missile Turret  
  69  7:24  SCV x2, Marine x2  
  69  7:25  Marauder x2  
  69  7:26  SCV  
  78  7:36  SCV x2  
  69  7:38  SCV  
  69  7:42  Marine x2  
  53  7:45  Marine  
  53  7:46  Marauder  
  53  7:48  SCV x2  
  58  7:51  Marine  
  58  7:52  Marine  
  58  7:54  Factory x2  
  60  8:00  Marine x2  
  60  8:01  SCV x3, Missile Turret, Bunker  
  60  8:04  Marauder  
  67  8:07  Marauder  
  67  8:11  Marine x2  
  71  8:13  SCV x2, Stimpack  
  71  8:17  SCV, Marine x2  
  76  8:25  SCV x2  
  78  8:32  Missile Turret  
  78  8:39  Missile Turret, Factory Tech Lab  
  78  8:40  Factory Tech Lab  
  78  8:43  Orbital Command  
  78  8:45  Command Center  
  78  9:01  Siege Tank x2  
  84  9:03  Missile Turret, Terran Infantry Armor Level 1  
  84  9:05  Bunker  
  84  9:08  SCV, Starport  
  85  9:24  Supply Depot  
  85  9:25  Supply Depot  
  85  9:27  Supply Depot  
  85  9:31  Armory  
  85  9:35  Engineering Bay  
  85  9:45  SCV x3, Siege Tank, Marine x2  
  85  9:47  Siege Tank, Marauder  
  98  9:57  SCV x2  
  100  10:13  SCV  
  101  10:14  Missile Turret  
  101  10:17  Missile Turret, Marauder x2, Marine x4, Siege Tank  
  101  10:19  Planetary Fortress  
  112  10:23  Missile Turret  
  112  10:25  SCV  
  113  10:35  Marine x2  
  112  10:37  SCV  
  105  10:49  SCV  
  76  10:50  Marine x2  
  76  10:51  Marauder, Marine  
  76  10:53  Marine x2  
  74  10:57  Hi-Sec Auto Tracking  
  74  11:00  Siege Tank x2  
  74  11:01  SCV  
  81  11:04  SCV  
  81  11:08  Marine x3  
  81  11:10  Marine  
  81  11:11  Marine x2  
  87  11:13  SCV x2  
  87  11:16  SCV  
  89  11:25  SCV  
  79  11:26  Marine x3  
  79  11:28  SCV  
  79  11:32  Siege Tank x2  
  75  11:37  SCV  
  55  11:41  SCV  
Tags
 
Add a new tag
Caveats
  • Supply blocks, unpowered buildings, or Contaminate may cause inaccurate times.
  • Supply counts are checked every 10 seconds.